 Dungeon Crawl Stone Soup version 0.27-a0-1374-gc14e5d3922 (webtiles) character file.

Game seed: 10363348013398904235

905 HAL9000 the Transmogrifier (level 7, -4/57 HPs)
             Began as a Purple Draconian Transmuter on June 29, 2021.
             Slain by a two-headed ogre (16 damage)
             ... on level 5 of the Dungeon.
             The game lasted 00:12:07 (4732 turns).

HAL9000 the Transmogrifier (DrTm)                   Turns: 4732, Time: 00:12:08

Health: -4/57      AC: 10    Str: 12    XL:     7   Next: 80%
Magic:  8/10       EV: 12    Int: 15    God:
Gold:   111        SH:  0    Dex: 12    Spells: 4/10 levels left

rFire    . . .     SeeInvis .     - Unarmed
rCold    . . .     Faith    .   (no shield)
rNeg     . . .     Spirit   .   (armour unavailable)
rPois    +         Reflect  .   (helmet restricted)
rElec    .         Harm     .   (no cloak)
rCorr    .         Rampage  .   (no gloves)
Will     +....                  (no boots)
Stlth    +.........             (no amulet)
HPRegen  0.19/turn              q - ring of poison resistance
MPRegen  0.12/turn              w - +4 ring of protection

@: no status effects
A: breathe power, AC +6, unfitting armour, cold-blooded
a: Breathe Dispelling Energy


You were on level 5 of the Dungeon.
You visited 1 branch of the dungeon, and saw 5 of its levels.

You collected 326 gold pieces.
You spent 215 gold pieces at shops.

Inventory:

Hand Weapons
 f - a +2 hunting sling of flaming
 n - a +0 executioner's axe
Missiles
 h - 144 stones
 m - 4 atropa-tipped darts
 p - 9 boomerangs (quivered)
 y - 3 javelins
Jewellery
 k - a ring of fire
 q - a ring of poison resistance (left hand)
 r - a ring of protection from fire
 t - an amulet of faith
 w - a +4 ring of protection (right hand)
Scrolls
 a - a scroll of enchant weapon {unknown}
 b - 2 scrolls of blinking {unknown}
 g - a scroll of immolation {unknown}
 l - a scroll of vulnerability {unknown}
 o - 2 scrolls of summoning
 s - a scroll of fear
 x - 2 scrolls of brand weapon {unknown}
Potions
 c - 5 potions of heal wounds
 d - a potion of ambrosia {unknown}
 e - a potion of mutation {unknown}
 i - 2 potions of lignification
 u - a potion of attraction {unknown}
 v - 2 potions of haste


   Skills:
 + Level 3.5 Fighting
 - Level 1.7 Dodging
 - Level 3.0 Unarmed Combat
 - Level 2.4 Spellcasting
 + Level 8.6 Transmutations


You had 4 spell levels left.
You knew the following spells:

 Your Spells              Type           Power      Damage    Failure   Level
a - Beastly Appendage     Tmut           54%        N/A       1%          1
b - Spider Form           Tmut/Pois      7%         N/A       11%         3
c - Wereblood             Tmut           27%        N/A       1%          2

Your spell library contained the following spells:

 Spells                   Type           Power      Damage    Failure   Level
 Ice Form                 Ice/Tmut       14%        N/A       36%         4
 Petrify                  Tmut/Erth      14%        N/A       36%         4
 Confusing Touch          Hex            1%         N/A       54%         3
 Gell's Gravitas          Tloc           0%         N/A       54%         3
 Summon Lightning Spire   Summ/Air       1%         N/A       91%         4
 Yara's Violent Unravell  Hex/Tmut       7%         3d5       71%         5
 Metabolic Englaciation   Hex/Ice        0%         N/A       99%         5
 Silence                  Hex/Air        0%         N/A       99%         5
 Conjure Ball Lightning   Conj/Air       0%         3x3d6     100%        6
 Storm Form               Tmut/Air       7%         N/A       100%        7


Dungeon Overview and Level Annotations

Branches:
Dungeon (5/15)
 Temple: D:4-7

Altars:
Fedhas

Shops:
D:2 ((:*   D:4 !?


Innate Abilities, Weirdness & Mutations

You can breathe bolts of dispelling energy.
Your rich purple scales are hard. (AC +6)
You cannot fit into any form of body armour.
You are cold-blooded and may be slowed by cold attacks.


Message History

As you read the scroll of identify, it crumbles to dust.
o - 2 scrolls of summoning
As you read the scroll of identify, it crumbles to dust.
s - a scroll of fear
As you read the scroll of identify, it crumbles to dust.
v - 2 potions of haste
h - 144 stones (gained 25)
You open the door.
There is an open door here.
A two-headed ogre comes into view.
It is wielding a +0 giant spiked club and a +0 giant club.
A two-headed ogre is nearby!
A two-headed ogre is nearby!
The two-headed ogre shouts in stereo!
The two-headed ogre hits you with a +0 giant spiked club!
The two-headed ogre hits you with a +0 giant club!
There is an open door here.
Casting: Spider Form (dangerous; 11% risk of failure)
Confirm with . or Enter, or press ? or * to list all spells.
You miscast Spider Form.
You are very lightly contaminated with residual magic.
Nothing appears to happen.
The two-headed ogre hits you with a +0 giant spiked club!
The two-headed ogre hits you with a +0 giant club!
Your magical contamination has completely faded away.
Casting: Spider Form (dangerous; 11% risk of failure)
Confirm with . or Enter, or press ? or * to list all spells.
You turn into a venomous arachnid creature.
The two-headed ogre closely misses you.
The two-headed ogre hits you with a +0 giant club!!
* * * LOW HITPOINT WARNING * * *
Your transformation is almost over.
Things that are here:
a +0 ring mail; a +0 dagger
Items here: ))) [.
You see here 29 arrows.
Your transformation has ended.
There is a stone staircase leading up here.
The two-headed ogre closely misses you.
The two-headed ogre hits you with a +0 giant club!
You die...

### ### ####.####.#
#.........#
#..#.####.#
#..#).....#
#..#.###### ####
#..#.# ### #...
#..#.# #@# #...
##.#:#
##O#############...
#.#.#
#..............'...
#.#.#
#..#############...
########.#.# #..#
#... #........#.#
#(.# ####
#.########.###..# #
#.# #...........# #
#.###.####.###)## #


You could see a two-headed ogre.

Vanquished Creatures
  Sigmund (D:3)
  A sky beast (D:5)
  A necrophage (D:5)
  4 hounds (D:5)
  3 orc priests (D:4)
  2 bullfrog skeletons
  A centaur skeleton (D:4)
  An iguana (D:5)
  2 orc wizards
  A killer bee zombie (D:5)
  4 adders
  2 worms (D:3)
  2 dart slugs (D:1)
  18 orcs
  5 ball pythons
  3 endoplasms
  7 giant cockroaches
  12 goblins
  12 hobgoblins
  11 jackals
  8 kobolds
  9 quokkas
  7 bats
  4 frilled lizards
  10 rats
131 creatures vanquished.

Notes
Turn   | Place    | Note
-------+----------+-------------------------------------------
     0 | D:1      | HAL9000 the Draconian Transmuter began the quest for the
                  | Orb.
     0 | D:1      | Reached XP level 1. HP: 16/16 MP: 3/3
   178 | D:1      | Reached XP level 2. HP: 17/23 MP: 5/5
   354 | D:1      | Reached skill level 3 in Transmutations
   366 | D:1      | Found a faded altar of an unknown god.
   669 | D:1      | Reached XP level 3. HP: 28/28 MP: 4/6
   695 | D:1      | Learned a level 3 spell: Spider Form
   783 | D:1      | Learned a level 2 spell: Wereblood
  1297 | D:1      | Reached skill level 4 in Transmutations
  1558 | D:2      | Found Iluneih's Assorted Antiques.
  1795 | D:2      | Reached XP level 4. HP: 35/35 MP: 5/7
  1812 | D:2      | Found Houciq's Book Emporium.
  1890 | D:2      | Found Zutyaluc's Weapon Shop.
  1919 | D:2      | Found Naafoixt's Weapon Shoppe.
  2827 | D:3      | Reached skill level 5 in Transmutations
  3062 | D:3      | Noticed Sigmund
  3077 | D:3      | Killed Sigmund
  3078 | D:3      | Reached skill level 6 in Transmutations
  3078 | D:3      | Reached XP level 5. HP: 34/41 MP: 5/8
  3078 | D:3      | Reached XP level 6. HP: 39/48 MP: 5/9
  3331 | D:4      | Found Wouxt's Distillery.
  3399 | D:4      | Bought a potion of heal wounds for 60 gold pieces
  3399 | D:4      | Bought a potion of heal wounds for 60 gold pieces
  3484 | D:2      | Bought a small bone amulet for 95 gold pieces
  3512 | D:4      | Found a blossoming altar of Fedhas.
  3572 | D:4      | Reached skill level 7 in Transmutations
  3630 | D:4      | Found Bacyz's Magic Scroll Boutique.
  3835 | D:5      | Entered Level 5 of the Dungeon
  3853 | D:5      | Your scales start taking on a rich purple colour.
  3853 | D:5      | Reached XP level 7. HP: 40/56 MP: 7/10
  4251 | D:5      | Reached skill level 8 in Transmutations
  4665 | D:5      | Noticed a two-headed ogre
  4732 | D:5      | Slain by a two-headed ogre

Illustrated notes

Levels and vault maps discovered:
D:1:      mainiacjoe_arrival_reflecting_pool, layout_basic,
          hellmonk_ecumenical_altar_leap_of_faith, st_stairs_10, minmay_vboxes
D:2:      minmay_chambers_of_twos, layout_basic, serial_shops, shop, shop, shop,
          nicolae_shop_temple_entry_statues_fountains
D:3:      layout_rooms, minivault_14, kennysheep_big_empty_room, kennysheep_nub,
          chequers_serial_rivers_micro_d, uniq_sigmund
D:4:      kennysheep_big_flooded_room, layout_basic, fedhas_altar_4,
          serial_shops, shop_statue, shop, hangedman_decor_opposing
D:5:      layout_basic, nemelex_spade_bored_becter, st_stairs_4, uniq_eustachio

Skill      XL: |  1  2  3  4  5  6  7 |
---------------+----------------------+-----
Transmutations | 3 4 6 7 8 |  8.6
Fighting       | 2 3 |  3.5
Dodging        | |  1.7
Unarmed Combat | |  3.0
Spellcasting   | |  2.4

Action                   |  1- 3 |  4- 6 |  7- 9 || total
-------------------------+-------+-------+-------++-------
Melee: Unarmed           |   156 |   216 |    71 ||   443
       Tailslap          |    18 |    20 |     1 ||    39
       Kick              |    15 |    15 |       ||    30
       Headbutt          |     7 |    12 |       ||    19
       Executioner's axe |    36 |       |       ||    36
       Punch             |       |     1 |       ||     1
Throw: Boomerang         |       |     8 |       ||     8
 Cast: Beastly Appendage |    16 |     8 |       ||    24
       Spider Form       |       |     9 |     6 ||    15
 Abil: Breathe Dispellin |       |       |     3 ||     3
  Use: Scroll            |       |       |     4 ||     4
 Stab: Sleeping          |     1 |       |       ||     1
Armor: Skin              |   101 |    40 |     9 ||   150
Dodge: Dodged            |   200 |   180 |    50 ||   430

Table legend: (Time is in decaauts)
 A = Elapsed time spent in this place.
 B = Non-inter-level travel time spent in this place.
 C = Inter-level travel time spent in this place.
 D = Time resting spent in this place.
 E = Time spent auto-exploring this place.
 F = Levels seen in this place.
 G = Mean time per level.
                   A        B        C        D        E       F      G
               +--------+--------+--------+--------+--------+-----+--------+
         Total |   4743 |   4568 |    175 |    421 |   3107 |   5 |  948.6 |
       Dungeon |   4743 |   4568 |    175 |    421 |   3107 |   5 |  948.6 |
               +--------+--------+--------+--------+--------+-----+--------+

Top non-repeatable levels by time:
     D:1: 1470 daAuts
     D:2: 919 daAuts
     D:5: 890 daAuts
     D:3: 824 daAuts
     D:4: 638 daAuts
